Map: King's Cove LE

Players

Bolo - Winner!

  • Race: Zerg Zerg
  • League: Master
  • Spawn Location: 5:00

zuka

  • Race: Protoss Protoss
  • League: Master
  • Spawn Location: 11:00

VOD

Have the link to the VOD?

Description

Time

  • Played on: March 27, 2019, 5:03 p.m.
  • Length: 7:40
Show
View Real Time Build Order
Export as new Build Order

Bolo Zerg - Winner!

Build Orders: Pool First, Swarm Host 

Get SALT Encoding   

  12  0:00  Drone  
  13  0:08  Drone  
  14  0:27  Spawning Pool  
  13  0:30  Drone  
  14  0:40  Extractor  
  14  0:41  Drone  
  14  0:45  Drone, Extractor  
  15  0:50  Overlord  
  15  1:13  Zergling x4  
  15  1:14  Queen, Zergling x2  
  20  1:30  Zergling x2  
  21  1:35  Zergling x2  
  22  1:46  Overlord  
  22  1:50  Lair  
  22  1:55  Extractor  
  22  1:56  Drone  
  22  2:20  Drone x2  
  24  2:25  Drone x2  
  24  2:28  Drone  
  27  2:33  Drone  
  28  2:44  Drone  
  29  2:54  Queen  
  29  2:55  Infestation Pit  
  30  2:59  Overlord  
  30  3:11  Overlord  
  30  3:18  Nydus Network, Drone  
  30  3:23  Drone  
  31  3:27  Drone  
  32  3:34  Swarm Host  
  35  3:42  Swarm Host  
  38  3:49  Swarm Host  
  41  3:57  Swarm Host  
  44  4:06  Nydus Canal  
  44  4:10  Queen  
  46  4:17  Overlord  
  46  4:35  Swarm Host x2  
  52  4:49  Nydus Canal  
  52  4:50  Overlord  
  52  4:52  Queen  
  54  5:08  Swarm Host x2  
  54  5:12  Nydus Canal  
  60  5:26  Nydus Canal  
  60  5:34  Hatchery  
  59  5:48  Nydus Canal  
  59  5:55  Swarm Host  
  58  6:24  Swarm Host x2  
  62  6:45  Overlord  
  62  6:51  Swarm Host x2  
  68  6:57  Overlord  
  68  7:03  Nydus Canal  
  70  7:09  Drone x3  
  70  7:11  Drone  
Show
View Real Time Build Order
Export as new Build Order

zuka Protoss 

Build Orders:  

Get SALT Encoding   

  12  0:01  Probe  
  13  0:13  Probe  
  14  0:19  Pylon  
  14  0:22  Probe  
  15  0:33  Probe  
  15  0:41  Gateway  
  16  0:44  Probe  
  16  0:49  Assimilator  
  17  0:56  Probe  
  18  1:04  Probe  
  18  1:10  Forge  
  19  1:12  Probe  
  20  1:25  Probe  
  20  1:29  Cybernetics Core  
  21  1:43  Photon Cannon  
  21  1:50  Pylon  
  21  1:54  Probe  
  22  2:00  Stalker  
  24  2:23  Nexus  
  24  2:26  Warp Gate  
  24  2:33  Stalker  
  26  2:45  Pylon  
  25  2:53  Probe  
  25  2:57  Assimilator  
  26  3:03  Stalker  
  28  3:17  Robotics Facility  
  28  3:20  Probe  
  29  3:32  Probe  
  30  3:35  Probe  
  30  3:37  Stalker  
  33  3:45  Gateway  
  33  3:48  Probe  
  33  3:49  Gateway  
  33  3:50  Probe  
  35  3:57  Shield Battery  
  35  3:59  Warp Prism  
  37  4:15  Stalker  
  39  4:21  Probe  
  40  4:39  Stalker  
  40  4:40  Stalker  
  42  4:56  Stalker  
  43  5:07  Observer  
  43  5:11  Stalker  
  43  5:12  Stalker  
  48  5:29  Stalker  
  52  5:38  Stalker  
  52  5:47  Pylon  
  52  5:48  Stalker  
  52  5:49  Pylon  
  54  6:11  Stalker  
  56  6:26  Probe  
  56  6:32  Stalker x2  
  59  6:38  Warp Prism, Stalker  
  51  7:03  Stalker  
  51  7:05  Zealot  
  55  7:08  Assimilator  
  55  7:12  Assimilator  
  55  7:29  Shield Battery  
  55  7:30  Shield Battery  
Tags
 
Composition
Swarm Host
Matchup
PvZ
Opening
Pool First
Spawn Locations
Cross Positions
Add a new tag
Caveats
  • Supply blocks, unpowered buildings, or Contaminate may cause inaccurate times.
  • Supply counts are checked every 10 seconds.